 Dungeon Crawl Stone Soup version 0.24-a0-789-g35933f4585 (webtiles) character file.

Game seed: 12305064059177192366, levelgen mode: deterministic

23 Conn the Magician (level 2, -1/25 HPs)
             Began as an Octopode Wizard on Oct 10, 2019.
             Slain by a hobgoblin
             ... wielding a +0 club
              (3 damage)
             ... on level 2 of the Dungeon.
             The game lasted 00:01:43 (604 turns).

Conn the Magician (Octopode Wizard)                  Turns: 604, Time: 00:01:44

Health: -1/25      AC:  1    Str:  8 (11) XL:     2   Next: 95%
Magic:  3/6        EV: 13    Int: 19 (20) God:
Gold:   62         SH:  0    Dex:  7 (10) Spells: 6/7 levels left

rFire    . . .     SeeInvis .   k - +0 dagger
rCold    . . .     Gourm    .   (no shield)
rNeg     . . .     Faith    .   a - +0 hat
rPois    .         Spirit   .   (no amulet)
rElec    .         Reflect  .   (no ring)
rCorr    .         Harm     .   (no ring)
MR       .....                  (no ring)
Stlth    ..........             (no ring)
HPRegen  0.08/turn              (no ring)
MPRegen  0.10/turn              (no ring)
                                (no ring)
                                (no ring)

@: berserking, lethally poisoned (-1 -> -4), very slightly contaminated, very
quick
A: almost no armour, stealthy swim, amphibious, 8 rings, constrict 8, camouflage
1, gelatinous body 1
a: no special abilities


You were on level 2 of the Dungeon.
You were not hungry.

You visited 1 branch of the dungeon, and saw 2 of its levels.

You collected 62 gold pieces.

Inventory:

Hand Weapons
 k - a +0 dagger (weapon)
Missiles
 f - 11 poisoned darts (quivered)
Armour
 a - a +0 hat (worn)
Scrolls
 b - a scroll of immolation {unknown}
 d - 4 scrolls of identify {unknown}
 i - a scroll of enchant weapon {unknown}
 j - a scroll of teleportation {unknown}
Comestibles
 c - 3 rations


   Skills:
 + Level 2.5 Dodging
 + Level 2.8 Stealth
 - Level 0.1 Unarmed Combat
 * Level 3.4 Spellcasting
 * Level 1.0 Conjurations
   Level 1.0 Summonings
   Level 1.0 Translocations


You had 6 spell levels left.
You knew the following spells:

 Your Spells              Type           Power        Failure   Level  Hunger
a - Magic Dart            Conj           #...         10%         1    None

Your spell library contained the following spells:

 Spells                   Type           Power        Failure   Level  Hunger
 Blink                    Tloc           N/A          14%         2    ##.....
 Call Imp                 Summ           #.......     14%         2    ##.....
 Slow                     Hex            #.......     22%         2    ##.....
 Conjure Flame            Conj/Fire      #.......     34%         3    ###....
 Mephitic Cloud           Conj/Pois/Air  #.......     36%         3    ###....


Dungeon Overview and Level Annotations

Branches:
Dungeon (2/15)

Altars:


Innate Abilities, Weirdness & Mutations

You cannot wear most types of armour.
You are very stealthy in the water. (Stealth+)
You are amphibious.
You can wear up to eight rings at the same time.
You can use your tentacles to constrict eight enemies at once.
Your skin changes colour to match your surroundings (Stealth+).
Your rubbery body absorbs attacks. (AC +1, EV +1)


Message History

The adder is heavily wounded.
You feel sick. The adder bites you.
* * * LOW HITPOINT WARNING * * *
It was a potion of berserk rage.
A red film seems to cover your vision as you go berserk!
You feel yourself moving faster!
You feel mighty! The adder closely misses you.
You hit the adder. Your grab misses the adder.
The adder is severely wounded.
The adder misses you.
You barely miss the adder. Your grab misses the adder.
The adder is severely wounded.
You feel sick. The adder bites you.
* * * LOW HITPOINT WARNING * * *
You hit the adder.
You kill the adder!
You hit the hobgoblin. You grab the hobgoblin.
The hobgoblin is severely wounded.
You constrict the hobgoblin, but do no damage.
The hobgoblin hits you with a +0 club.
You die...

####### #....(..
#....... #......#
#......# #......## #
#.>.....######## #.##.
#...........@g.#).....
#####..#.#####S...(...
###.##.# #....#.####
#.<.##......### #
#...#####..#.. #....
......# #..## #....#
#.# # .... ## ##.#


You could see a hobgoblin and a ball python.

Vanquished Creatures
  An adder (D:2)
  A dart slug (D:1)
  A bat (D:1)
  2 goblins (D:1)
  3 hobgoblins (D:1)
  2 kobolds (D:1)
  2 rats (D:1)
12 creatures vanquished.

Notes
Turn   | Place    | Note
-------+----------+-------------------------------------------
     0 | D:1      | Conn the Octopode Wizard began the quest for the Orb.
     0 | D:1      | Reached XP level 1. HP: 11/11 MP: 4/4
   254 | D:1      | Reached XP level 2. HP: 17/17 MP: 1/6
   604 | D:2      | Slain by a hobgoblin

Levels and vault maps discovered:
D:1:      ncdulo_lavacross, layout_rooms, minivault_11, minmay_indecisive_spiral
D:2:      layout_rooms, old_standard_altar, grunt_qazlal_clouds

Action                   || total
-------------------------++-------
Melee: Unarmed           ||     4
       Constrict         ||     2
       Dagger            ||     9
Throw: Dart              ||     3
 Cast: Magic Dart        ||    28
  Use: Potion            ||     3
 Stab: Sleeping          ||     1
Armor: Skin              ||     2
Dodge: Dodged            ||    13

Table legend:
 A = Non-vault XP
 B = Vault XP
 C = Vault XP percentage of total XP
 D = Non-vault monster count
 E = Vault monster count
 F = Vault count percentage of total count
                 A         B        C        D         E       F
            +---------+---------+-------+---------+---------+-------
      Total |      27 |       6 |  18.2 |       8 |       4 |  33.3
            +---------+---------+-------+---------+---------+-------
        D:1 |      14 |       6 |  30.0 |       7 |       4 |  36.4
        D:2 |      13 |       0 |   0.0 |       1 |       0 |   0.0
            +---------+---------+-------+---------+---------+-------
